 Dungeon Crawl Stone Soup version 0.29-a0-40-g8eb35efe60 (webtiles) character file.

Game seed: 2278250464453934777

39 crazypyro the Shield-Bearer (level 3, 0/33 HPs)
             Began as a Minotaur Fighter on Feb 1, 2022.
             Slain by a gnoll (6 damage)
             ... on level 2 of the Dungeon.
             The game lasted 00:00:55 (735 turns).

crazypyro the Shield-Bearer (Minotaur Fighter)       Turns: 735, Time: 00:00:56

Health: 0/33       AC:  7    Str: 22    XL:     3   Next: 28%
Magic:  2/2        EV:  9    Int:  5    God:
Gold:   28         SH:  4    Dex:  9    Spells: 2/2 levels left

rFire   . . .      SeeInvis .   a - +0 flail
rCold   . . .      Faith    .   c - +0 buckler
rNeg    . . .      Spirit   .   b - +0 scale mail
rPois   .          Reflect  .   (helmet restricted)
rElec   .          Harm     .   (no cloak)
rCorr   .          Rampage  .   (no gloves)
Will    .....                   (no boots)
Stlth   ..........              (no amulet)
HPRegen 0.11/turn               (no ring)
MPRegen 0.08/turn               (no ring)

@: mighty
A: horns 2, retaliatory headbutt
a: no special abilities


You were on level 2 of the Dungeon.
You visited 1 branch of the dungeon, and saw 2 of its levels.

You collected 28 gold pieces.

Inventory:

Hand Weapons
 a - a +0 flail (weapon)
Armour
 b - a +0 scale mail (worn)
 c - a +0 buckler (worn)
Scrolls
 e - 2 scrolls of teleportation {unknown}
 h - a scroll of identify {unknown}
Potions
 d - a potion of might
 f - a potion of mutation {unknown}
 g - a potion of heal wounds {unknown}
 i - a potion of curing {unknown}


   Skills:
 + Level 4.1 Fighting
 + Level 3.0 Maces & Flails
 + Level 4.1 Armour
 + Level 4.1 Shields


You had 2 spell levels left.
You didn't know any spells.
Your spell library was empty.

Dungeon Overview and Level Annotations

Branches:
Dungeon (2/15)

Altars:


Innate Abilities, Weirdness & Mutations

You have a pair of horns on your head.
You reflexively headbutt those who attack you in melee.


Message History

Found a stone staircase leading down.
The gnoll hits you but does no damage.
Things that are here:
a ball python corpse; a frilled lizard corpse You barely miss the gnoll.
The gnoll hits you with a +0 spear.
A gnoll comes into view. It is wielding a +0 club.
The gnoll hits you but does no damage.
The gnoll shouts!
You thump the gnoll!
The gnoll is almost dead.
You barely miss the gnoll. The gnoll closely misses you.
The gnoll hits you but does no damage.
You barely miss the gnoll. Your headbutt misses the gnoll.
The gnoll closely misses you. The gnoll hits you with a +0 club!
You block the gnoll's attack.
You closely miss the gnoll. You headbutt the gnoll.
The gnoll is heavily wounded.
The gnoll hits you with a +0 club. The gnoll hits you but does no damage.
The gnoll barely misses you.
You hit the gnoll.
The gnoll is heavily wounded.
The gnoll barely misses you. x2
You barely miss the gnoll.
The gnoll is heavily wounded.
The gnoll hits you from afar with a +0 spear!
The gnoll hits you with a +0 club.
A gnoll comes into view.
It is wielding a +2 halberd of holy wrath.
The gnoll hits you from afar with a +0 spear.
* * * LOW HITPOINT WARNING * * *
You feel very mighty all of a sudden. You block the gnoll's attack.
The gnoll hits you from afar with a +0 spear.
* * * LOW HITPOINT WARNING * * *
You are too injured to fight recklessly!
You sock the gnoll!
You kill the gnoll!
The gnoll barely misses you.
A gnoll comes into view. It is wielding a +0 club.
The gnoll shouts!
The gnoll hits you from afar with a +2 halberd of holy wrath.
You die... ##### .gg

#g# ###@###
#...†.#
#.#.#.######
#.#.#......# #...#
#.#.#..###.#
...#####.#.#..#
......#.#....#
#.###.#.#....#
#####.#.#...#.####


You could see 3 gnolls.

Vanquished Creatures
  A gnoll (D:2)
  A bat (D:1)
  3 endoplasms (D:1)
  7 goblins (D:1)
  2 hobgoblins (D:1)
  3 kobolds (D:1)
  A quokka (D:1)
  4 ball pythons
  2 frilled lizards
  3 rats
27 creatures vanquished.

Notes
Turn   | Place    | Note
-------+----------+-------------------------------------------
     0 | D:1      | crazypyro the Minotaur Fighter began the quest for the Orb.
     0 | D:1      | Reached XP level 1. HP: 19/19 MP: 0/0
    89 | D:1      | Reached XP level 2. HP: 25/27 MP: 1/1
   467 | D:1      | Found a faded altar of an unknown god.
   722 | D:2      | Reached XP level 3. HP: 33/33 MP: 2/2
   735 | D:2      | Slain by a gnoll

Illustrated notes

Levels and vault maps discovered:
D:1:      lightli_arrival_maybe_door_vault, layout_basic,
          hellmonk_ecumenical_altar_prayer_group
D:2:      layout_basic

Skill      XL: |  1  2 |
---------------+-------+-----
Fighting       | 4 |  4.1
Armour         | 4 |  4.1
Shields        | 4 |  4.1
Maces & Flails | 3 |  3.0

Action                   || total
-------------------------++-------
Melee: Flail             ||    51
       Headbutt          ||     9
  Use: Potion            ||     1
Armor: Scale mail        ||    30
Dodge: Dodged            ||    24
Block: Buckler           ||     8

Table legend: (Time is in decaauts)
 A = Elapsed time spent in this place.
 B = Non-inter-level travel time spent in this place.
 C = Inter-level travel time spent in this place.
 D = Time resting spent in this place.
 E = Time spent auto-exploring this place.
 F = Levels seen in this place.
 G = Mean time per level.
                   A        B        C        D        E       F      G
               +--------+--------+--------+--------+--------+-----+--------+
         Total |    750 |    742 |      8 |      0 |    593 |   2 |  375.0 |
       Dungeon |    750 |    742 |      8 |      0 |    593 |   2 |  375.0 |
               +--------+--------+--------+--------+--------+-----+--------+

Top non-repeatable levels by time:
     D:1: 702 daAuts
     D:2: 47 daAuts
